 Dungeon Crawl Stone Soup version 0.27.1-1-g398f81649c (webtiles) character file.

Game seed: 11020948330192405915

10587 Descartes the Covert (level 11, -5/51 HPs)
             Began as a Spriggan Delver on Sept 18, 2021.
             Was a Priest of Dithmenos.
             Slain by a death yak simulacrum (18 damage)
             ... in an ice cave.
             The game lasted 00:39:47 (17016 turns).

Descartes the Covert (Spriggan Delver)             Turns: 17016, Time: 00:39:48

Health: -5/51      AC:  6    Str: 10    XL:     11   Next: 38%
Magic:  15/15      EV: 28    Int: 15    God:    Dithmenos [***...]
Gold:   394        SH:  0    Dex: 18    Spells: 2/10 levels left

rFire    . . .     SeeInvis +   a - +2 dagger (venom)
rCold    . . .     Faith    .   (shield restricted)
rNeg     . . .     Spirit   .   J - +0 steam dragon scales
rPois    +         Reflect  .   n - +0 hat {Int+3}
rElec    .         Harm     .   u - +0 cloak
rCorr    .         Rampage  .   (gloves unavailable)
Will     +....                  (boots unavailable)
Stlth    ++++++++..             (no amulet)
HPRegen  0.17/turn              F - +4 ring of evasion
MPRegen  0.14/turn              z - ring of poison resistance

@: wreathed by umbra, very quick
A: very small, no large weapons, unfitting armour, see invisible, speed 3
a: Renounce Religion, Shadow Step


You were in an ice cave.
You worshipped Dithmenos.
Dithmenos was most pleased with you.
You visited 3 branches of the dungeon, and saw 13 of its levels.
You also visited: Ice Cave.

You collected 492 gold pieces.
You spent 98 gold pieces at shops.

Inventory:

Hand Weapons
 a - a +2 dagger of venom (weapon)
 b - a +0 hunting sling
 C - a +0 shortbow
 I - a +0 rapier of speed
 O - a +0 hand crossbow
Missiles
 k - 350 stones (quivered)
 p - 42 poisoned darts
 q - 87 sling bullets
 y - 104 arrows
 A - 20 boomerangs
 B - a throwing net
 D - 44 bolts
 R - 5 atropa-tipped darts
Armour
 n - a +0 hat of intelligence (worn)
 o - a +0 buckler
 u - a +0 cloak (worn)
 J - +0 steam dragon scales (worn)
 L - +0 gold dragon scales
 N - +0 acid dragon scales
Jewellery
 z - a ring of poison resistance (right hand)
 F - a +4 ring of evasion (left hand)
Wands
 g - a wand of digging (3)
Scrolls
 c - 2 scrolls of fog
 e - 2 scrolls of fear
 i - 3 scrolls of blinking {unknown}
 j - 2 scrolls of noise {unknown}
 l - 9 scrolls of teleportation
 m - 3 scrolls of immolation
 K - a scroll of holy word {unknown}
 M - a scroll of torment {unknown}
 P - a scroll of amnesia {unknown}
Potions
 f - 2 potions of haste
 h - a potion of lignification {unknown}
 s - a potion of invisibility {unknown}
 t - a potion of attraction
 v - a potion of berserk rage
 w - a potion of magic {unknown}
 x - 6 potions of curing
 E - a potion of resistance {unknown}
 G - a potion of brilliance {unknown}
 H - a potion of cancellation {unknown}


   Skills:
 - Level 2.4 Fighting
 + Level 8.9 Short Blades
 - Level 5.0 Slings
 + Level 10.5 Dodging
 + Level 14.8 Stealth
 + Level 3.9 Shields
 + Level 6.7 Hexes
 - Level 5.0 Invocations
 - Level 5.0 Evocations


You had 2 spell levels left.
You knew the following spells:

 Your Spells              Type           Power      Damage    Failure   Level
a - Confusing Touch       Hex            20%        N/A       5%          3
b - Yara's Violent Unrav  Hex/Tmut       5%         3d4       88%         5

Your spell library contained the following spells:

 Spells                   Type           Power      Damage    Failure   Level
 Corona                   Hex            22%        N/A       1%          1
 Slow                     Hex            20%        N/A       2%          2
 Ensorcelled Hibernation  Hex/Ice        20%        N/A       11%         2
 Apportation              Tloc           0%         N/A       26%         1
 Sting                    Tmut/Pois      0%         1d3       26%         1
 Poisonous Vapours        Pois/Air       0%         N/A       38%         2
 Tukima's Dance           Hex            20%        N/A       5%          3
 Portal Projectile        Hex/Tloc       20%        N/A       21%         3
 Vampiric Draining        Necr           0%         2d6       63%         3
 Olgreb's Toxic Radiance  Pois           0%         N/A       95%         4
 Invisibility             Hex            10%        N/A       95%         6
 Alistair's Intoxication  Tmut/Pois      0%         N/A       100%        5
 Blade Hands              Tmut           0%         N/A       100%        5
 Borgnjor's Vile Clutch   Necr/Erth      0%         N/A       100%        5
 Excruciating Wounds      Necr           0%         N/A       100%        5
 Eringya's Noxious Bog    Tmut/Pois      0%         N/A       100%        6


Dungeon Overview and Level Annotations

Branches:
Dungeon (11/15)            Temple (1/1) D:5            Lair (1/6) D:10
  IceCv (1/1)
    Orc: D:9-12

Altars:
Ashenzari
Cheibriados
Dithmenos
Elyvilon
Fedhas
Gozag
Hepliaklqana
Kikubaaqudgha
Makhleb
Nemelex Xobeh
Okawaru
Qazlal
Ru
Sif Muna
Trog
Uskayaw
Vehumet
Wu Jian
Xom
Yredelemnul
The Shining One

Shops:
D:1 ?   D:5 *

Annotations:
D:4 3 runed translucent doors, exclusions: upstairs and 1 more exclusion, bignoob's ghost, amateur DrCj
D:9 1 runed translucent door


Innate Abilities, Weirdness & Mutations

You are very small and have problems with some larger weapons.
You are too small for most types of armour.
You have supernaturally acute eyesight. (SInv)
You cover ground extremely quickly. (Speed+++)


Message History

The rime drake is severely wounded.
The rime drake completely misses you.
You barely miss the rime drake.
The rime drake is almost dead.
You hit the rime drake but do no damage.
The rime drake looks as sick as possible!
The rime drake is almost dead.
The rime drake completely misses you.
You hit the rime drake but do no damage.
The rime drake is almost dead.
The rime drake completely misses you.
You hit the rime drake but do no damage.
The rime drake looks as sick as possible!
The rime drake is almost dead.
You closely miss the rime drake.
The rime drake is almost dead.
The rime drake bites you but does no damage.
You hit the rime drake but do no damage.
The rime drake looks as sick as possible!
The rime drake is almost dead.
The rime drake breathes ice at you. The flash freeze misses you.
You closely miss the rime drake.
The rime drake is almost dead.
You kill the rime drake!
Dithmenos accepts your kill.
There is a frozen archway here.
The world spins around you as you enter the gateway.
You enter an ice cave!
Found an ice covered gate leading back out of this place.
There is an ice choked empty arch of ancient stone here.
You are too injured to fight recklessly!
You are too injured to fight recklessly!
Found 24 stones and a ring mail.
Found a pair of gloves and a runed shortbow.
Found four items.
The death yak simulacrum misses you.
You hit the death yak simulacrum but do no damage.
The death yak simulacrum gores you!!
You die...

...
####.####
#)$...([#
#).....[#
#[.....(#
#.......#
#...ZZ..#
#..@..#
##...##
##.##
##...##
##.....##
#...∩...#
#.......#
#.......#
#...∩...#


You could see 2 death yak simulacra.

Vanquished Creatures
  Gastronok (D:10)
  Erolcha (D:11)
  A two-headed ogre (D:11)
  A gargoyle (D:11)
  2 rime drakes (Lair:1)
  A kobold demonologist (D:10)
  Prince Ribbit (D:6)
  A wraith (D:11)
  12 yaks
  2 shadows
  A basilisk (D:7)
  2 wyverns (D:11)
  A steam dragon (D:8)
  A vampire mosquito (D:10)
  2 water moccasins
  2 wargs (D:10)
  An acid dragon (D:10)
  4 orc warriors
  A sky beast (D:7)
  A black bear (D:7)
  3 centaurs
  A phantom (D:5)
  2 kobold brigands
  3 bullfrogs
  2 scorpions
  A gnoll sergeant (D:10)
  A water moccasin skeleton (D:7)
  14 killer bees
  4 howler monkeys
  A centaur zombie (D:5)
  3 orc priests
  4 hounds
  3 bullfrog skeletons
  3 jellies
  2 iguanas (D:7)
  5 orc wizards
  A howler monkey zombie (D:8)
  A howler monkey skeleton (D:7)
  9 gnolls
  4 adders
  An ufetubus (D:7)
  An adder skeleton (D:4)
  5 worms
  3 dart slugs
  13 orcs
  4 endoplasms
  3 giant cockroaches
  7 goblins
  4 hobgoblins
  3 jackals (D:1)
  4 quokkas
  10 ball pythons
  7 bats
  2 frilled lizards (D:1)
  14 kobolds
  4 rats
191 creatures vanquished.

Vanquished Creatures (others)
  An orc wizard (D:9)
  A plant (D:5)
2 creatures vanquished.

Grand Total: 193 creatures vanquished

Notes
Turn   | Place    | Note
-------+----------+-------------------------------------------
     0 | D:5      | Descartes the Spriggan Delver began the quest for the Orb.
     0 | D:5      | Reached XP level 1. HP: 11/11 MP: 2/2
     9 | D:5      | Found a blossoming altar of Fedhas.
    21 | D:5      | Reached skill level 8 in Stealth
    21 | D:5      | Reached XP level 2. HP: 15/16 MP: 3/3
    48 | D:5      | Found an ornate altar of the Wu Jian Council.
    97 | D:5      | Noticed a scorpion
   115 | D:5      | Found a white marble altar of Elyvilon.
   138 | D:4      | Reached XP level 3. HP: 14/19 MP: 4/4
   454 | D:4      | Noticed bignoob's ghost (amateur DrCj)
   698 | D:4      | Found a runed translucent gate.
   698 | D:4      | Found a runed translucent gate.
   698 | D:4      | Found a runed translucent gate.
  1151 | D:4      | Reached XP level 4. HP: 23/23 MP: 5/5
  1278 | D:4      | Noticed a scorpion
  1663 | D:4      | Killed a scorpion
  1664 | D:4      | Reached skill level 9 in Stealth
  1664 | D:4      | Reached XP level 5. HP: 12/27 MP: 6/6
  2118 | D:3      | Noticed a water moccasin
  2520 | D:3      | Found an ancient bone altar of Kikubaaqudgha.
  3258 | D:3      | Found a hide-covered altar of Uskayaw.
  4216 | D:2      | Found a shadowy altar of Dithmenos.
  4279 | D:2      | Became a worshipper of Dithmenos the Shadowed
  5109 | D:1      | Found a faded altar of an unknown god.
  5205 | D:1      | Found Plog's Magic Scroll Emporium.
  5659 | D:1      | Reached skill level 1 in Evocations
  5710 | D:1      | Bought a scroll of teleportation for 42 gold pieces
  5710 | D:1      | Bought a scroll of identify for 28 gold pieces
  5710 | D:1      | Bought a scroll of identify for 28 gold pieces
  5938 | D:5      | Found Ihaenah's Elemental Accessories.
  6011 | D:5      | Reached XP level 6. HP: 22/32 MP: 7/7
  6080 | D:5      | Reached skill level 1 in Slings
  6080 | D:5      | Reached skill level 10 in Stealth
  6086 | D:5      | HP: 1/32 [poisoned by a scorpion]
  6617 | D:4      | Reached skill level 5 in Dodging
  6635 | D:4      | Reached * piety under Dithmenos
  6755 | D:5      | Noticed a water moccasin
  6758 | D:5      | Killed a water moccasin
  6759 | D:5      | Reached XP level 7. HP: 35/35 MP: 8/8
  6786 | D:5      | Found a staircase to the Ecumenical Temple.
  6795 | Temple   | Entered the Ecumenical Temple
  7666 | D:6      | Learned a level 3 spell: Confusing Touch
  7885 | D:6      | Reached skill level 11 in Stealth
  8120 | D:6      | Reached skill level 1 in Hexes
  8412 | D:6      | Noticed Prince Ribbit
  8418 | D:6      | Killed Prince Ribbit
  8419 | D:6      | Reached skill level 1 in Invocations
  8419 | D:6      | Reached XP level 8. HP: 39/39 MP: 9/9
  9167 | D:7      | Reached skill level 5 in Short Blades
  9348 | D:7      | Found a bloodstained altar of Trog.
  9653 | D:7      | Reached skill level 12 in Stealth
 10276 | D:6      | Reached skill level 5 in Evocations
 10725 | D:8      | Reached XP level 9. HP: 43/43 MP: 10/12
 11387 | D:8      | Reached ** piety under Dithmenos
 11397 | D:8      | Learned a level 5 spell: Yara's Violent Unravelling
 11771 | D:8      | Reached skill level 5 in Slings
 12401 | D:8      | Found a shadowy altar of Dithmenos.
 12424 | D:8      | Found a basalt altar of Yredelemnul.
 12543 | D:9      | Found a sacrificial altar of Ru.
 12543 | D:9      | Found a shimmering blue altar of Sif Muna.
 12682 | D:9      | Reached skill level 5 in Hexes
 12787 | D:9      | Reached skill level 13 in Stealth
 12862 | D:9      | Reached skill level 1 in Shields
 13343 | D:9      | Found a runed translucent door.
 13344 | D:9      | Found a burning altar of Makhleb.
 13344 | D:9      | Noticed a sixfirhy
 13375 | D:9      | Reached XP level 10. HP: 47/47 MP: 14/14
 13667 | D:10     | Entered Level 10 of the Dungeon
 13727 | D:10     | Found a staircase to the Lair.
 14154 | D:10     | Reached *** piety under Dithmenos
 14173 | D:10     | Reached skill level 5 in Invocations
 14470 | D:10     | Noticed a smoke demon
 15403 | D:11     | Noticed a six-headed hydra
 15448 | D:10     | Reached skill level 14 in Stealth
 15521 | D:11     | Noticed Erolcha
 15526 | D:11     | Killed Erolcha
 15574 | D:11     | Noticed a two-headed ogre
 15581 | D:11     | Killed a two-headed ogre
 15582 | D:11     | Reached skill level 10 in Dodging
 15582 | D:11     | Reached XP level 11. HP: 51/51 MP: 15/15
 15705 | D:11     | Noticed Gastronok
 15985 | D:11     | Noticed a six-headed hydra
 16501 | D:10     | HP: 1/51 [Gastronok (14)]
 16797 | D:10     | Killed Gastronok
 16949 | Lair:1   | Entered Level 1 of the Lair of Beasts
 16965 | Lair:1   | Found a frozen archway.
 17010 | IceCv    | Entered an ice cave
 17016 | IceCv    | Slain by a death yak simulacrum

Illustrated notes

Levels and vault maps discovered:
D:1:      sevenhm_arrival_forest_fort_small_3, layout_loops_cross,
          ebering_ecumenical_altar_box, serial_shops, shop_fountains
D:2:      layout_basic, basic_altar, minmay_door_square,
          nicolae_underground_beach
D:3:      layout_basic, mainiacjoe_overflow_brackets,
          nicolae_uskayaw_murder_on_the_dancefloor, grunt_ministairs_6
D:4:      layout_basic, gammafunk_ghost_icy
D:5:      layout_loops_ring, mainiacjoe_overflow_cross_hatched,
          nicolae_overflow_hidden_temple, mainiacjoe_overflow_catwalk_spiral,
          minmay_temple_entry_overgrown, serial_rivers,
          chequers_serial_rivers_small_3, chequers_serial_rivers_large_a,
          chequers_serial_rivers_room_b, chequers_serial_rivers_micro_d,
          chequers_serial_rivers_small_b, nicolae_elemental_shop
D:6:      layout_basic, uniq_prince_ribbit1
D:7:      layout_gridville, bloody_trog
D:8:      layout_basic, mainiacjoe_overflow_two_lobes,
          kennysheep_generic_room_14
D:9:      layout_roguey, nzn_makhleb_speed_demon,
          gammafunk_temple_overflow_statue, minmay_misc_feat_alley,
          corexii_leaking_fountain
D:10:     layout_long_grid, erik_lair_orcish_takeover, serial_rivers,
          chequers_serial_rivers_micro_b, chequers_serial_rivers_room_a,
          chequers_serial_rivers_micro_d, chequers_serial_rivers_marsh,
          moated_statue
D:11:     layout_cave_pods, uniq_erolcha, uniq_gastronok
Temple:   zaba_magenta_temple
Lair:1:   layout_gridlike, portal_ice_cave_rime,
          nicolae_volcano_entry_vermiform, gauntlet_entry_generic,
          beast_lair_carwin_4, serial_bayou_shore_b, grunt_megastairs_3,
          lemuel_fruit_tree, uniq_harold, uniq_urug
IceCv:    ice_cave_statue_garden_chambered

Skill      XL: |  1  2  3  4  5  6  7  8  9 10 11 |
---------------+----------------------------------+-----
Dodging        | 3 4 5 6 8 10 | 10.5
Stealth        | 8 9 10 11 12 13 14 | 14.8
Short Blades   | 3 4 5 6 8 |  8.9
Evocations     | 1 2 3 5 |  5.0
Slings         | 2 3 4 5 |  5.0
Hexes          | 1 3 5 6 |  6.7
Invocations    | 1 2 4 5 |  5.0
Shields        | 1 3 |  3.9
Fighting       | |  2.4

Action                   |  1- 3 |  4- 6 |  7- 9 | 10-12 || total
-------------------------+-------+-------+-------+-------++-------
Melee: Short sword       |    20 |       |       |       ||    20
       Rapier            |    12 |   175 |   377 |    17 ||   581
       Dagger            |       |       |    92 |   403 ||   495
 Fire: Hunting sling     |    24 |   156 |    56 |       ||   236
 Cast: Confusing Touch   |       |       |       |     2 ||     2
  Use: Potion            |       |     2 |       |     1 ||     3
       Scroll            |       |     1 |     2 |     3 ||     6
 Stab: Sleeping          |     1 |    11 |    22 |    12 ||    46
       Distracted        |       |     1 |     5 |     1 ||     7
       Confused          |       |       |       |     3 ||     3
Armor: Robe              |     4 |     7 |    10 |       ||    21
       Steam dragon scal |       |       |     6 |    23 ||    29
Dodge: Dodged            |    30 |   155 |   276 |   310 ||   771
